[Event "Team 45 45 League T45"]
[Site "Internet Chess Club"]
[Date "2010.05.29"]
[Round "4"]
[White "joshtournman"]
[Black "Salvatore"]
[Result "0-1"]
[WhiteElo "1500"]
[BlackElo "1581"]
[Opening "Nimzo-Indian defense"]
[ECO "E20"]
[Time "14:00:54"]
[TimeControl "2700+45"]

1. d4 Nf6 2. c4 e6 3. Nc3 Bb4 4. Bd2 O-O 5. e4 Bxc3 6. Bxc3 Nxe4 7. Bd3 Nxc3 8.
bxc3 f5 9. Nf3 d6 10. O-O Nd7 11. Re1 Nf6 12. Ng5 Re8 13. Rb1 h6 14. Nh3 b6 15.
Qf3 Rb8 16. d5 Bb7 17. Nf4 e5 18. Ne6 Rxe6 19. Qxf5 Re7 20. g4 Bc8 21. Qg6 e4
22. Bxe4 Nxe4 23. Rxe4 Rxe4 24. Qxe4 Ba6 25. Qe6+ Kh8 26. Qe4 Qe8 27. Qf4 Qf8
28. Qd4 Re8 29. f4 Qf6 30. Qd3 Qxf4 31. Rf1 Qxg4+ 32. Kh1 Bxc4 33. Qd2 Bxf1
{White resigns} 0-1

[Event "Team 45 45 League T45"]
[Site "Internet Chess Club"]
[Date "2010.06.01"]
[Round "4"]
[White "Mansour1985"]
[Black "OGO"]
[Result "1-0"]
[WhiteElo "1580"]
[BlackElo "1603"]
[Opening "Ruy Lopez: closed, 9.d4"]
[ECO "C91"]
[Time "17:30:57"]
[TimeControl "2700+45"]

1. e4 e5 2. Nf3 Nc6 3. Bb5 a6 4. Ba4 Nf6 5. O-O Be7 6. Re1 b5 7. Bb3 O-O 8. c3
d6 9. d4 exd4 10. cxd4 Bb7 11. d5 Na5 12. a4 c6 13. dxc6 Nxc6 14. axb5 axb5 15.
Rxa8 Bxa8 16. Bf4 Ng4 17. Nc3 Nge5 18. Nxb5 Qb6 19. Ba4 Rd8 20. b3 Na5 21. Nc3
Bc6 22. Nd5 Nxf3+ 23. gxf3 Bxd5 24. Qxd5 Qc5 25. Bd2 Nxb3 26. Bxb3 Qxd5 27. exd5
Bf6 28. Ba4 Kf8 29. Bb4 Kg8 30. Bxd6 Bc3 31. Re8+ Rxe8 32. Bxe8 Bf6 33. Kg2 Bd8
34. Kg3 g6 35. f4 Kg7 36. Bc5 Kf6 37. Kf3 Ba5 38. Ke4 h6 39. h4 g5 40. fxg5+
hxg5 41. hxg5+ Kxg5 42. f4+ Kf6 43. Bd4+ Ke7 44. Bc6 Bd8 45. Kf5 Kd6 46. Bg7 Be7
47. Bf6 Bf8 48. Be5+ Kc5 49. Kf6 {Black resigns} 1-0

[Event "Team 45 45 League T45"]
[Site "Internet Chess Club"]
[Date "2010.05.27"]
[Round "4"]
[White "KidCopperhead"]
[Black "lawth3"]
[Result "1-0"]
[WhiteElo "1404"]
[BlackElo "1044"]
[Opening "Caro-Kann defense"]
[ECO "B12"]
[Time "13:00:18"]
[TimeControl "2700+45"]

1. e4 c6 2. d4 d5 3. Bd3 Nd7 4. Nf3 Qc7 5. O-O e5 6. c3 dxe4 7. Bxe4 exd4 8.
cxd4 Ngf6 9. Re1 Be7 10. Bf5 O-O 11. Rxe7 Qd6 12. Re1 Ng4 13. Bxg4 Qg6 14. Nh4
Qd6 15. Nf5 Qc7 16. Nh4 Nf6 17. Bxc8 Raxc8 18. Nc3 h5 19. h3 Rcd8 20. Bg5 c5 21.
Bxf6 cxd4 22. Bxd8 Rxd8 23. Nb5 Qb6 24. Qd3 Rd5 25. a4 a6 26. Re8# {Black
checkmated} 1-0

[Event "Team 45 45 League T45"]
[Site "Internet Chess Club"]
[Date "2010.06.01"]
[Round "4"]
[White "eramos"]
[Black "Skylab"]
[Result "0-1"]
[WhiteElo "1155"]
[BlackElo "1271"]
[Opening "Sicilian defense"]
[ECO "B30"]
[Time "22:00:13"]
[TimeControl "2700+45"]

1. e4 c5 2. Nf3 Nc6 3. Bc4 e6 4. Nc3 d6 5. d4 cxd4 6. Bb5 dxc3 7. bxc3 Bd7 8. e5
dxe5 9. Nxe5 Nxe5 10. Bxd7+ Nxd7 11. O-O Ngf6 12. Bb2 Be7 13. c4 O-O 14. Qd4 Qb6
15. Qf4 Qxb2 16. Rab1 Qe5 17. Qf3 Qc7 18. Rxb7 Qxc4 19. Rb2 Qe4 20. Qg3 Qe5 21.
Qa3 Bxa3 22. Rb3 Bd6 23. g3 Qh5 24. Rd3 Ng4 25. h4 Qe5 26. c4 Bc5 27. Rxd7 Qxg3+
{White resigns} 0-1

[Event "Team 45 45 League T45"]
[Site "Internet Chess Club"]
[Date "2010.05.31"]
[Round "4"]
[White "oldsj"]
[Black "fuzzface"]
[Result "1-0"]
[WhiteElo "1626"]
[BlackElo "1381"]
[Opening "Sicilian defense"]
[ECO "B41"]
[Time "09:00:11"]
[TimeControl "2700+45"]

1. e4 c5 2. Nf3 e6 3. d4 Nc6 4. d5 exd5 5. exd5 Qe7+ 6. Be3 Nb4 7. c4 d6 8. a3
Na6 9. Bd3 Nf6 10. O-O Bg4 11. Re1 O-O-O 12. Bxc5 Bxf3 13. gxf3 Qxe1+ 14. Qxe1
Nxc5 15. Bf5+ Kb8 16. Nd2 Re8 17. Qf1 g6 18. Bh3 Bh6 19. b4 Ncd7 20. Bxd7 Nxd7
21. Ne4 Bf4 22. Qd3 f5 23. Ng3 h5 24. h4 Rh7 25. Kg2 Rhe7 26. Ra2 Ne5 27. Qd4
Bh6 28. c5 Nf7 29. Qd3 Bf4 30. c6 Bxg3 31. fxg3 b6 32. b5 Kc7 33. Kf2 Ne5 34.
Qc3 Nf7 35. a4 g5 36. a5 Kb8 37. axb6 axb6 38. Qa3 Re2+ 39. Rxe2 Rxe2+ 40. Kxe2
Nd8 41. Qxd6+ {Black resigns} 1-0

[Event "Team 45 45 League T45"]
[Site "Internet Chess Club"]
[Date "2010.05.30"]
[Round "4"]
[White "moreffee"]
[Black "Just-Jim"]
[Result "1-0"]
[WhiteElo "1237"]
[BlackElo "1365"]
[Opening "King's pawn game"]
[ECO "C50"]
[Time "14:00:07"]
[TimeControl "2700+45"]

1. e4 e5 2. Nf3 Nc6 3. Bc4 h6 4. d3 Bc5 5. O-O Nf6 6. a3 d5 7. exd5 Nxd5 8. h3
O-O 9. Nbd2 Nf4 10. Ne4 Bb6 11. Nxe5 Nxh3+ 12. gxh3 Nxe5 13. Kh2 Nxc4 14. dxc4
Qxd1 15. Rxd1 f5 16. c5 fxe4 17. cxb6 Rxf2+ 18. Kg3 Rxc2 19. bxc7 Rxc7 20. Rd8+
Kf7 21. Be3 b6 22. Rf1+ Kg6 23. Rff8 Kh5 24. h4 Rc6 25. Rd5+ g5 26. hxg5 Bb7 27.
gxh6+ Kg6 28. Rxa8 Bxa8 29. Rd7 Rc8 30. Rxa7 Bd5 31. Rg7+ Kf5 32. h7 b5 33. Bd4
Rh8 34. Rc7 e3 35. Bxh8 e2 36. Bc3 b4 37. axb4 {Black resigns} 1-0

[Event "Team 45 45 League T45"]
[Site "Internet Chess Club"]
[Date "2010.06.02"]
[Round "4"]
[White "milesotoole"]
[Black "chips"]
[Result "1/2-1/2"]
[WhiteElo "1438"]
[BlackElo "1262"]
[Opening "Queen's pawn, Mason variation"]
[ECO "D00"]
[Time "22:23:14"]
[TimeControl "2700+45"]

1. d4 d5 2. Bf4 Nc6 3. e3 Nf6 4. h3 e6 5. c3 Bd6 6. Bxd6 Qxd6 7. Bd3 O-O 8. Nf3
h6 9. O-O b6 10. Nbd2 a5 11. Re1 Ba6 12. Bxa6 Rxa6 13. Qe2 Raa8 14. e4 dxe4 15.
Nxe4 Nxe4 16. Qxe4 Qd5 17. Qe2 Rfe8 18. c4 Qd6 19. Rad1 Nb4 20. a3 Na6 21. Qe4
Qe7 22. Qg4 Qf6 23. Ne5 Qf5 24. Qg3 c5 25. Ng4 Qg5 26. Re5 Qg6 27. h4 h5 28.
Rxh5 f6 29. Nxf6+ Qxf6 30. Rg5 Ra7 31. dxc5 Nxc5 32. h5 Ne4 {Game drawn by
mutual agreement} 1/2-1/2

[Event "Team 45 45 League T45"]
[Site "Internet Chess Club"]
[Date "2010.05.29"]
[Round "4"]
[White "rubo"]
[Black "LuxAeterna"]
[Result "1/2-1/2"]
[WhiteElo "1704"]
[BlackElo "1856"]
[Opening "Bird's opening"]
[ECO "A03"]
[Time "22:12:52"]
[TimeControl "2700+45"]

1. f4 d5 2. Nf3 g6 3. e3 Bg7 4. Be2 Nf6 5. O-O c5 6. d4 e6 7. Bb5+ Bd7 8. Nc3 a6
9. Bxd7+ Nbxd7 10. Bd2 c4 11. Ne5 b5 12. a3 O-O 13. Rf3 Ne4 14. Nxe4 dxe4 15.
Rh3 Nxe5 16. fxe5 f5 17. exf6 Qxf6 18. Qe2 Ra7 19. Bb4 Rff7 20. Rf1 Qxf1+ 21.
Qxf1 Rxf1+ 22. Kxf1 Rf7+ 23. Ke2 Bf6 24. Be1 Kf8 25. g4 Ke7 26. Bg3 Kd7 27. Bf4
g5 28. Bg3 Kc6 29. Rh6 Kd5 30. b3 a5 31. Rh5 Be7 32. a4 bxa4 33. bxa4 c3 34. h4
Kc4 35. hxg5 Kb4 36. Be1 Rg7 37. Rh6 Rg6 38. Rxh7 Bxg5 39. Rc7 Kxa4 40. Bxc3 Bd8
41. Rc6 Rxg4 42. Rxe6 Rg2+ 43. Kd1 Rg4 44. d5 Ka3 45. Be5 a4 46. Bf4 Rg1+ 47.
Kd2 Ba5+ 48. c3 Rg2+ 49. Kd1 Bxc3 50. d6 Kb2 51. Be5 Rf2 52. Bxc3+ Kxc3 53. Rxe4
Rd2+ 54. Ke1 Rxd6 55. Rxa4 Kd3 56. Ra3+ Ke4 57. Ke2 Rh6 58. Ra4+ Ke5 59. Rd4 Rh1
60. Kf3 Rf1+ 61. Ke2 Rh1 62. Kd2 Rg1 63. Ra4 Rh1 64. e4 Rh3 65. Ke2 Rb3 66. Kf2
Rc3 67. Rb4 Ra3 {Game drawn by mutual agreement} 1/2-1/2

[Event "Team 45 45 League T45"]
[Site "Internet Chess Club"]
[Date "2010.05.29"]
[Round "4"]
[White "catrasca"]
[Black "Portola"]
[Result "1-0"]
[WhiteElo "1601"]
[BlackElo "1809"]
[Opening "Hungarian defense"]
[ECO "C50"]
[Time "23:00:26"]
[TimeControl "2700+45"]

1. e4 e5 2. Nf3 Nc6 3. Bc4 Be7 4. c3 Nf6 5. d3 d6 6. b4 O-O 7. O-O Bd7 8. h3 a6
9. Be3 b5 10. Bb3 a5 11. a3 axb4 12. cxb4 Nxb4 13. Nc3 Na6 14. Qc2 c5 15. Rfb1
Bc6 16. Bd5 Bxd5 17. Nxd5 Nxd5 18. exd5 Nc7 19. Nd2 f5 20. f3 Bh4 21. Bf2 Bxf2+
22. Kxf2 Qh4+ 23. Kg1 Qd4+ 24. Kh1 Qxd5 25. Nf1 Qd4 26. Qd2 Kh8 27. Ra2 Nd5 28.
Rc1 f4 29. Qc2 Ra7 30. Nd2 Rfa8 31. Rca1 Ne3 32. Qb1 Qa4 33. Ne4 Nf5 34. Nc3 Qa6
35. Qxb5 Qc8 36. Nd5 Qd8 37. a4 Rb8 38. Qc4 Rab7 39. Rc1 Qh4 40. Qc3 h6 41. a5
Rb3 42. Qd2 Ng3+ 43. Kg1 Rb1 44. Nc3 Rxc1+ 45. Qxc1 Rb3 46. a6 Rxc3 47. Qxc3 Qd8
48. a7 Qa8 49. Qb2 {Black resigns} 1-0

[Event "Team 45 45 League T45"]
[Site "Internet Chess Club"]
[Date "2010.05.29"]
[Round "4"]
[White "BotanicalKnight"]
[Black "ElMarginal"]
[Result "0-1"]
[WhiteElo "1542"]
[BlackElo "1576"]
[Opening "Bishop's opening: Berlin defense"]
[ECO "C24"]
[Time "22:05:33"]
[TimeControl "2700+45"]

1. e4 e5 2. Bc4 Nf6 3. d3 Nc6 4. Nc3 Be7 5. f4 d6 6. Nf3 a6 7. a3 Be6 8. f5 Bxc4
9. dxc4 Qd7 10. h3 Na5 11. b3 Qc6 12. Qe2 b6 13. Bd2 Nb7 14. g4 Nc5 15. O-O-O
Nfxe4 16. Nxe4 Nxe4 17. Qg2 Nxd2 18. Rxd2 O-O-O 19. Kb1 f6 20. Rhd1 Rd7 21. Qe2
Rhd8 22. Ka2 Kb7 23. Rd5 Ka7 24. h4 h6 25. Qe3 Qb7 26. h5 c6 27. R5d2 d5 28.
cxd5 Rxd5 29. c4 Rxd2+ 30. Rxd2 Rxd2+ 31. Nxd2 Qd7 32. Ne4 Qd1 33. Qd2 Qxd2+ 34.
Nxd2 Kb7 35. a4 b5 36. axb5 cxb5 37. cxb5 axb5 38. Ne4 Kc6 39. Kb2 Bb4 40. Kc2
Kd5 41. Kd3 Kc6 42. Ng3 Be1 43. Ne4 Kd5 44. Ke3 Bb4 45. Ng3 Be7 46. Ne4 Kc6 47.
Kd3 Kb6 48. Nc3 Ka5 49. Nd5 Bd6 50. Ke4 Ka6 51. Kd3 Kb7 52. Nc3 Kc6 53. Ne4 Kd5
54. Nc3+ Kc6 55. Ne4 Bb4 56. Ng3 Kd5 57. Ne4 Ba5 58. Ke3 Bb6+ 59. Kd3 Bd4 60.
Nd2 e4+ 61. Nxe4 Ke5 62. Nd2 Bc5 63. Nf1 Kf4 64. Nh2 Kg3 65. Nf1+ Kxg4 66. Ke4
Kxh5 67. Kd5 Bf8 68. Ke6 Kg5 69. Ng3 h5 70. Ne4+ Kh6 71. Kf7 Bb4 72. Nf2 Bc3 73.
Nh3 Be5 74. Ke6 g5 75. fxg6 Kxg6 76. Kd5 b4 77. Ke4 h4 78. Kf3 Kh5 79. Ng1 Bg3
80. Nh3 Be1 81. Nf4+ Kg5 82. Ne6+ Kh6 83. Kg4 Kg6 84. Nf4+ Kf7 85. Nd3 Bd2 86.
Kxh4 Ke7 87. Kg4 Ke6 88. Nc5+ Kd5 89. Nb7 Ke5 90. Na5 Ke4 91. Nc6 f5+ 92. Kg3
Ke3 93. Kg2 Bc3 94. Kf1 Kd3 95. Kf2 Kc2 96. Na5 Bd2 97. Ke2 Kc3 98. Kf3 Bg5 99.
Kg3 Bd8 100. Nc6 Bc7+ 101. Kf3 Kxb3 102. Nd4+ Ka2 103. Nxf5 b3 104. Nd4 b2 105.
Nb5 Be5 106. Ke4 Bg7 107. Nd4 b1=Q+ 108. Nc2 Qxc2+ 109. Kd5 Qe2 110. Kc6 Qe5
111. Kd7 Qf6 112. Ke8 Bh6 113. Kd7 Bf4 114. Kc8 Qf7 115. Kd8 Bd6 {White forfeits
on time} 0-1

[Event "Team 45 45 League T45"]
[Site "Internet Chess Club"]
[Date "2010.05.29"]
[Round "4"]
[White "milwaukeejosh"]
[Black "g8wrb"]
[Result "1-0"]
[WhiteElo "1374"]
[BlackElo "1456"]
[Opening "French: Steinitz variation"]
[ECO "C11"]
[Time "09:02:30"]
[TimeControl "2700+45"]

1. e4 e6 2. d4 d5 3. Nc3 Nf6 4. e5 Nfd7 5. Nf3 c5 6. Be3 cxd4 7. Bxd4 Nc6 8. Be2
Be7 9. h4 a6 10. Qd3 Nxd4 11. Qxd4 f6 12. a3 Qc7 13. Qg4 Nxe5 14. Qxg7 Ng6 15.
h5 Bd6 16. Qxc7 Bxc7 17. hxg6 h6 18. O-O-O Bf4+ 19. Kb1 Bd7 20. g3 Bg5 21. Nxg5
fxg5 22. f4 gxf4 23. gxf4 O-O-O 24. Bg4 Rhg8 25. Rxh6 Rdf8 26. g7 Rf7 27. Bxe6
Bxe6 28. Rxe6 Rgxg7 29. Nxd5 Kd7 30. Rde1 Rg4 31. Nf6+ {Black resigns} 1-0

[Event "Team 45 45 League T45"]
[Site "Internet Chess Club"]
[Date "2010.06.01"]
[Round "4"]
[White "Buford-Julep"]
[Black "RD1974"]
[Result "0-1"]
[WhiteElo "1682"]
[BlackElo "1743"]
[Opening "Scandinavian: Pytel-Wade variation"]
[ECO "B01"]
[Time "18:18:26"]
[TimeControl "2700+45"]

1. e4 d5 2. exd5 Qxd5 3. Nc3 Qd6 4. d4 Nf6 5. Nf3 a6 6. g3 Bg4 7. Bg2 e6 8. O-O
Nc6 9. Bf4 Qd7 10. Qd2 O-O-O 11. Ne5 Nxe5 12. dxe5 Qxd2 13. Bxd2 Rxd2 14. exf6
gxf6 15. Ne4 Rxc2 16. Nxf6 Bf5 17. a3 Bg7 18. Ne4 Rd8 19. Rab1 Rxb2 20. Rxb2
Bxb2 21. Nc5 c6 22. a4 Ba3 23. Ne4 Rd4 24. Re1 Bb4 25. Re2 Rd1+ {White resigns}
0-1

[Event "Team 45 45 League T45"]
[Site "Internet Chess Club"]
[Date "2010.05.29"]
[Round "4"]
[White "Tamarin"]
[Black "BishopMike"]
[Result "1-0"]
[WhiteElo "1665"]
[BlackElo "1446"]
[Opening "King's Indian: 6.Be2"]
[ECO "E91"]
[Time "01:30:37"]
[TimeControl "2700+45"]

1. d4 Nf6 2. c4 g6 3. Nc3 Bg7 4. e4 d6 5. Nf3 O-O 6. Be2 Nc6 7. d5 Ne5 8. Nxe5
dxe5 9. O-O e6 10. Bg5 exd5 11. cxd5 a6 12. Rc1 Qd6 13. Qa4 Bd7 14. Qc2 h6 15.
Bxf6 Bxf6 16. Qd3 Bg7 17. Qg3 f5 18. exf5 Rxf5 19. Bg4 Rg5 20. h3 Bf5 21. Qf3
Bxg4 22. hxg4 Qd7 23. Ne4 Rxg4 24. Nc5 Qf5 25. Qxf5 gxf5 26. Nxb7 e4 27. Rxc7
Bxb2 28. d6 Be5 29. Rfc1 Rh4 30. Rc8+ Rxc8 31. Rxc8+ Kf7 32. d7 Bf6 33. d8=Q
Bxd8 34. Rxd8 f4 35. Rd4 f3 36. gxf3 Rh5 37. fxe4 Rg5+ 38. Kf1 Rg4 39. f3 Rh4
40. Kg2 Rf4 41. Nd6+ Ke6 42. Nf5 {Black resigns} 1-0

[Event "Team 45 45 League T45"]
[Site "Internet Chess Club"]
[Date "2010.05.29"]
[Round "4"]
[White "achessfool"]
[Black "Bible-Believer"]
[Result "1-0"]
[WhiteElo "1527"]
[BlackElo "1544"]
[Opening "French: advance, Wade variation"]
[ECO "C02"]
[Time "14:00:24"]
[TimeControl "2700+45"]

1. e4 e6 2. d4 d5 3. e5 c5 4. c3 Qb6 5. Nf3 Bd7 6. Bd3 cxd4 7. cxd4 Bb5 8. O-O
Bxd3 9. Qxd3 Qa6 10. Qb3 Nc6 11. Nc3 Nge7 12. Nb5 Nf5 13. Nc7+ Kd7 14. Nxa6
{Black resigns} 1-0

[Event "Team 45 45 League T45"]
[Site "Internet Chess Club"]
[Date "2010.05.28"]
[Round "4"]
[White "islanderpfeifer"]
[Black "TheronUAL"]
[Result "1/2-1/2"]
[WhiteElo "1467"]
[BlackElo "1467"]
[Opening "Queen's pawn game"]
[ECO "D04"]
[Time "22:00:16"]
[TimeControl "2700+45"]

1. d4 d5 2. Nf3 Nf6 3. e3 Bg4 4. Bd3 e6 5. O-O c5 6. c3 Nc6 7. Nbd2 Rc8 8. Re1
Be7 9. e4 O-O 10. a4 c4 11. Bc2 a6 12. Qe2 Na5 13. h3 Bh5 14. g4 Nxg4 15. hxg4
Bxg4 16. Qe3 Bh5 17. Nf1 Bg6 18. Ng3 Re8 19. Ne5 Bxe4 20. Nxe4 dxe4 21. Qxe4 g6
22. Ng4 Bg5 23. Bxg5 Qxg5 24. Qg2 h5 25. Ne5 Qxg2+ 26. Kxg2 Nc6 27. Nxc4 Rcd8
28. Ne5 Nxe5 29. dxe5 Rd2 30. Be4 Rxb2 31. Reb1 Rxb1 32. Rxb1 Rc8 33. Bxb7 Rxc3
34. Bxa6 Rc5 35. f4 Rd5 36. Bb7 Rd4 37. a5 Rxf4 38. a6 Ra4 39. Bc8 Ra3 40. Rb7
Rxa6 41. Rb8 Ra2+ 42. Kf3 Kg7 43. Rb7 Kh6 44. Rxf7 Ra3+ 45. Kf4 Ra4+ 46. Kg3
Ra3+ 47. Rf3 Ra5 48. Rf6 Rxe5 49. Rxe6 Rxe6 50. Bxe6 g5 51. Kh3 Kg6 52. Bc8 Kf6
53. Kg3 Ke5 54. Kf3 Kd4 55. Bf5 Ke5 56. Bg6 h4 57. Kg4 Kf6 58. Be8 Ke7 59. Bc6
Kd6 60. Bg2 {Game drawn by mutual agreement} 1/2-1/2

[Event "Team 45 45 League T45"]
[Site "Internet Chess Club"]
[Date "2010.05.28"]
[Round "4"]
[White "MikeA"]
[Black "QueensCounselor"]
[Result "1/2-1/2"]
[WhiteElo "2119"]
[BlackElo "2125"]
[Opening "Sicilian: Alapin's variation (2.c3)"]
[ECO "B22"]
[Time "15:00:21"]
[TimeControl "2700+45"]

1. e4 c5 2. c3 d5 3. exd5 Qxd5 4. d4 Nf6 5. Nf3 e6 6. Be3 cxd4 7. cxd4 Nc6 8.
Nc3 Qd8 9. Bd3 Be7 10. O-O O-O 11. Re1 Nb4 12. Bc4 Nbd5 13. Nxd5 Nxd5 14. Bd2 b6
15. Rc1 Bb7 16. Qe2 Rc8 17. Ne5 Bg5 18. Bxg5 Qxg5 19. g3 Rfd8 20. h4 Qe7 21. a4
Rc7 22. b3 Rdc8 23. Qe4 Nf6 24. Qe3 Nd5 25. Qe4 Nf6 26. Qe3 Bd5 27. Red1 Bb7 28.
Bd3 Qd6 {Game drawn by mutual agreement} 1/2-1/2

[Event "Team 45 45 League T45"]
[Site "Internet Chess Club"]
[Date "2010.05.30"]
[Round "4"]
[White "SaltofLife"]
[Black "Majamutu"]
[Result "0-1"]
[WhiteElo "1894"]
[BlackElo "1999"]
[Opening "Benkö gambit"]
[ECO "A57"]
[Time "15:34:19"]
[TimeControl "2700+45"]

1. d4 Nf6 2. c4 c5 3. d5 b5 4. Nf3 Bb7 5. Qc2 bxc4 6. e4 g6 7. Bxc4 Bg7 8. Nc3
d6 9. h3 Nbd7 10. Bf4 O-O 11. O-O Nb6 12. Be2 Rc8 13. a4 h6 14. a5 Nbd7 15. Rfd1
Ne8 16. Bb5 Nc7 17. Bc6 Bxc6 18. dxc6 Nb8 19. e5 Ne6 20. c7 Rxc7 21. Bg3 Rd7 22.
Qa4 d5 23. Qb5 a6 24. Qe2 d4 25. Ne4 Qc8 26. Qc4 Qc6 27. Nfd2 Rc8 28. Rac1 Qb5
29. b4 Rdc7 30. Qxb5 axb5 31. bxc5 Nd7 32. Nb3 Bxe5 33. Nxd4 Nxd4 34. Bxe5 Nf3+
35. gxf3 Nxe5 36. Kg2 f5 37. Nd2 Rxc5 38. Rxc5 Rxc5 39. Nb3 Rc3 40. a6 Nc6 41.
Nd4 Nxd4 42. Rxd4 Rc7 43. Rb4 Ra7 44. Rxb5 Rxa6 45. f4 Kf7 46. Re5 Ra4 47. Kg3
Kf6 48. Rb5 Ra3+ 49. Kg2 Ra4 50. Kg3 g5 51. fxg5+ hxg5 52. Rc5 Ra3+ 53. f3 e6
54. Rb5 Rd3 55. Ra5 Rd2 56. h4 f4+ 57. Kh3 gxh4 58. Kxh4 Rg2 59. Ra3 Kf5 60. Kh3
Rg3+ 61. Kh2 Ke5 62. Ra5+ Kd4 63. Ra3 e5 64. Rb3 Rg8 65. Ra3 Rc8 66. Kg2 Rc2+
67. Kf1 Rc3 68. Rxc3 Kxc3 69. Ke2 Kc2 70. Ke1 Kd3 71. Kf2 Kd2 72. Kf1 Ke3 73.
Kg2 Ke2 {White resigns} 0-1

[Event "Team 45 45 League T45"]
[Site "Internet Chess Club"]
[Date "2010.05.30"]
[Round "4"]
[White "primerpaso"]
[Black "fledermaus"]
[Result "0-1"]
[WhiteElo "1835"]
[BlackElo "1900"]
[Opening "English opening"]
[ECO "A13"]
[Time "14:30:58"]
[TimeControl "2700+45"]

1. c4 e6 2. Nc3 d5 3. cxd5 exd5 4. d4 c6 5. g3 Bf5 6. Bg2 Bd6 7. Nf3 Nf6 8. O-O
O-O 9. a4 a5 10. Qb3 Na6 11. Qxb7 Nb4 12. Ne5 Ra6 13. Nxc6 Rxc6 14. Qb5 Qc7 15.
Nxd5 Nfxd5 16. Bxd5 Rb8 17. Bxc6 Rxb5 18. axb5 Nxc6 19. bxc6 Bh3 20. Rd1 Qxc6
21. f3 Qc7 22. Kf2 h5 23. Bd2 h4 24. gxh4 Bxh2 25. Bxa5 Qg3+ 26. Ke3 Bf5 27. Kd2
Qf4+ 28. Kc3 Qe3+ 29. Kb4 Bd6+ 30. Kb5 Bd7+ 31. Kc4 Be6+ 32. Kb5 Qxe2+ 33. Kc6
Bf4 34. b4 Qc4+ 35. Kb6 Qc7+ 36. Kb5 Bd7+ 37. Ka6 Qc8+ 38. Kb6 Qb8+ 39. Kc5 Qb5#
{White checkmated} 0-1

[Event "Team 45 45 League T45"]
[Site "Internet Chess Club"]
[Date "2010.05.29"]
[Round "4"]
[White "jonesey"]
[Black "frank001"]
[Result "0-1"]
[WhiteElo "1920"]
[BlackElo "1907"]
[Opening "Alekhine's defense"]
[ECO "B02"]
[Time "02:03:39"]
[TimeControl "2700+45"]

1. e4 Nf6 2. e5 Nd5 3. Bc4 Nb6 4. Bb3 Nc6 5. d4 Na5 6. Bxf7+ Kxf7 7. e6+ dxe6 8.
Qh5+ g6 9. Qxa5 Qxd4 10. Nf3 Qe4+ 11. Be3 h6 12. O-O Bg7 13. Nbd2 Qd5 14. Qb4 a5
15. Qf4+ Qf5 16. Qxc7 Nd5 17. Qg3 Bxb2 18. Rab1 Bf6 19. Bd4 Nf4 20. Rfe1 Rd8 21.
Ne5+ Kg7 22. Ndf3 g5 23. Bb6 Rd5 24. Nd4 Qh7 25. Nef3 e5 26. c4 Nh5 27. Nxg5
hxg5 28. Qb3 Rxd4 29. Bxd4 exd4 30. Qa3 Bf5 31. Rxb7 Re8 32. Qxa5 Nf4 33. Qb5
Bg6 34. g3 Nh3+ 35. Kg2 Be4+ 36. Rxe4 Qxe4+ 37. f3 Qe2+ 38. Kxh3 Rh8+ 39. Kg4
Rxh2 40. Qd5 Rh8 41. a4 d3 42. Rd7 d2 43. a5 d1=Q 44. Qxd1 Qe6# {White
checkmated} 0-1

[Event "Team 45 45 League T45"]
[Site "Internet Chess Club"]
[Date "2010.05.30"]
[Round "4"]
[White "Knight77"]
[Black "Merciful"]
[Result "1/2-1/2"]
[WhiteElo "2011"]
[BlackElo "2061"]
[Opening "Réti: King's Indian attack (Barcza system)"]
[ECO "A07"]
[Time "22:05:37"]
[TimeControl "2700+45"]

1. Nf3 d5 2. g3 Nf6 3. Bg2 c6 4. d3 Bf5 5. Nbd2 e6 6. O-O h6 7. e4 Bh7 8. e5
Nfd7 9. d4 Be7 10. Re1 O-O 11. h4 c5 12. c3 Nc6 13. Nf1 cxd4 14. cxd4 Qb6 15. a3
Rfc8 16. b4 a5 17. bxa5 Rxa5 18. Ne3 Be4 19. Nc2 Qb3 20. Ne3 Qb6 21. Bd2 Rxa3
22. Rxa3 Bxa3 23. Qa4 Be7 24. Rc1 Rb8 25. Bc3 Qc7 26. Bb2 b5 27. Qb3 Qb7 28. Nd2
Bxg2 29. Nxg2 Na5 30. Qc2 Nc4 31. Nb3 Ra8 32. Bc3 Ra4 33. Nf4 Qa6 34. Nd3 Ra2
35. Qb1 Qa4 36. Rc2 Rxc2 37. Qxc2 Ndb6 38. Be1 Nd7 39. Nf4 Nb8 40. Kg2 Nc6 41.
Ne2 b4 42. h5 Bf8 43. Qb1 N6a5 44. Nxa5 Qxa5 45. Nc1 Qb5 46. Qd3 Qb6 47. Nb3 Qa7
48. Qc2 Qa4 49. Qb1 Be7 50. Qc2 Bd8 51. Qb1 Bb6 52. Qd3 Qa3 53. Qc2 Qa4 54. Qd3
Bd8 55. Nc5 Qb5 56. Qb3 Ba5 57. f4 Na3 58. Nd3 Nc4 59. Nxb4 Bxb4 60. Qxb4 Qa6
61. Qb8+ Kh7 62. Qb1+ g6 63. hxg6+ fxg6 64. Qb4 Qa7 65. Bf2 h5 66. Qf8 Qd7 67.
Kf3 Nd2+ 68. Ke3 Ne4 69. Be1 Qc7 70. Kf3 Qc2 71. Qf7+ Kh6 72. Qf8+ Kh7 73. Qf7+
Kh8 74. Qf8+ Kh7 75. Qf7+ Kh8 76. Qe8+ Kh7 77. Qf7+ Kh8 78. Qf8+ Kh7 79. Qf7+
Kh8 {Game drawn by repetition} 1/2-1/2

[Event "Team 45 45 League T45"]
[Site "Internet Chess Club"]
[Date "2010.05.30"]
[Round "4"]
[White "makito"]
[Black "VietLion"]
[Result "0-1"]
[WhiteElo "1868"]
[BlackElo "1890"]
[Opening "Anderssen's opening"]
[ECO "A00"]
[Time "04:31:44"]
[TimeControl "2700+45"]

1. a3 e5 2. c4 Nf6 3. d3 d5 4. cxd5 Nxd5 5. Nf3 Bd6 6. e3 O-O 7. Be2 Be6 8. Qc2
f5 9. O-O c5 10. Nbd2 Nc6 11. b3 Rc8 12. Bb2 b5 13. Rac1 Qf6 14. Rfe1 Qh6 15. g3
f4 16. exf4 exf4 17. Ne4 fxg3 18. hxg3 Be7 19. Qd2 Qg6 20. Rxc5 Bxc5 21. Nxc5
Bg4 22. Nh4 Qh5 23. Bxg4 Qxg4 24. Re4 Qh5 25. Ne6 Nf6 26. Rf4 Rf7 27. Rf5 Qg4
28. Nxg7 Rxg7 29. Bxf6 Nd4 30. Qe3 Qd1+ 31. Kh2 Qe2 32. Bxd4 Qxe3 33. fxe3 Rb7
34. Rg5+ Kf8 35. Nf5 Rc2+ 36. Kh3 h6 37. Rg6 Rf7 38. Rf6 Rxf6 39. Bxf6 Rf2 40.
Kg4 Kf7 41. Be5 Ke6 42. Bf4 Kf6 43. Nxh6 Rb2 44. Ng8+ Ke6 45. a4 b4 46. Bb8 Rxb3
47. Bxa7 Rxd3 48. Bd4 Rxd4+ {White resigns} 0-1

[Event "Team 45 45 League T45"]
[Site "Internet Chess Club"]
[Date "2010.06.02"]
[Round "4"]
[White "Walker42"]
[Black "Kravier"]
[Result "1-0"]
[WhiteElo "1769"]
[BlackElo "1680"]
[Opening "Caro-Kann: Rasa-Studier gambit"]
[ECO "B15"]
[Time "20:17:17"]
[TimeControl "2700+45"]

1. d4 c6 2. e4 d5 3. Nc3 dxe4 4. f3 exf3 5. Nxf3 Bf5 6. Bc4 e6 7. O-O Nf6 8. Ne5
Bxc2 9. Qe2 Qxd4+ 10. Kh1 Bg6 11. Bf4 Be7 12. Rad1 Qc5 13. a3 Na6 14. b4 Nxb4
15. axb4 Qxb4 16. Bxe6 Qxc3 17. Nxf7 Bxf7 18. Bxf7+ Kxf7 19. Be5 Qc5 20. Bxf6
gxf6 21. Rfe1 Rae8 22. Qe6+ Kf8 23. Rd7 Kg7 24. Qg4+ Kf7 25. Qe6+ Kg6 26. Re3
Rhf8 27. Rg3+ Kh6 28. Qg4 Qc1+ 29. Rd1 Qg5 30. Qf3 f5 31. Rxg5 Kxg5 32. Qe3+ f4
33. Qxa7 Rd8 34. Qa5+ Rf5 35. Qe1 Bb4 36. h4+ Kf6 37. Qg1 Rxd1 38. Qxd1 Rd5 39.
Qg4 Bd6 40. Kg1 b5 41. Qg8 b4 42. Qxh7 b3 43. Qb7 Bb8 {Black resigns} 1-0

[Event "Team 45 45 League T45"]
[Site "Internet Chess Club"]
[Date "2010.05.30"]
[Round "4"]
[White "LazyPeon"]
[Black "rayonline53"]
[Result "1-0"]
[WhiteElo "1654"]
[BlackElo "1607"]
[Opening "Old Benoni defense"]
[ECO "A43"]
[Time "17:16:10"]
[TimeControl "2700+45"]

1. d4 c5 2. e3 g6 3. Nf3 Bg7 4. Be2 Nf6 5. O-O O-O 6. b3 d6 7. Bb2 b6 8. c4 Bb7
9. Nc3 Na6 10. a3 Nc7 11. d5 e5 12. dxe6 fxe6 13. Qc2 Qe7 14. Rad1 Rad8 15. Rd2
Rd7 16. Rfd1 Rfd8 17. Ng5 d5 18. cxd5 Nfxd5 19. Nf3 Nxc3 20. Bxc3 Rxd2 21. Rxd2
Rxd2 22. Qxd2 e5 23. Bc4+ Kh8 24. Qb2 e4 25. Ne5 b5 26. Bf7 Qd6 27. h3 Qd1+ 28.
Kh2 Qd6 29. g3 Ne6 30. Bxg6 hxg6 31. Nf7+ {Black resigns} 1-0

[Event "Team 45 45 League T45"]
[Site "Internet Chess Club"]
[Date "2010.05.30"]
[Round "4"]
[White "loserloser"]
[Black "UnderRated"]
[Result "1-0"]
[WhiteElo "1752"]
[BlackElo "1655"]
[Opening "Sicilian: Smith-Morra gambit"]
[ECO "B21"]
[Time "13:00:18"]
[TimeControl "2700+45"]

1. e4 c5 2. d4 cxd4 3. c3 dxc3 4. Nxc3 d6 5. Nf3 Nf6 6. Bc4 e6 7. O-O a6 8. Qe2
b5 9. Bb3 Ra7 10. Rd1 Rd7 11. Bf4 Be7 12. e5 dxe5 13. Nxe5 Rxd1+ 14. Rxd1 Qb6
15. Ne4 Nxe4 16. Qxe4 Bb7 17. Qe2 O-O 18. Qg4 Bf6 19. h4 Rd8 20. Rxd8+ Qxd8 21.
Nxf7 Qf8 22. Bxe6 g6 23. h5 {Black resigns} 1-0